 Dungeon Sprint DCSS version 0.23-a0-171-g5ae17c6 (webtiles) character file.

3130 Fang the Cleaver (level 9, -7/67 HPs)
             Began as a Gargoyle Berserker on Sept 14, 2018.
             Was a High Priest of Trog.
             Mangled by a halberd of venom (23 damage)
             ... in the Dungeon (Sprint V: "Ziggurat Sprint").
             The game lasted 00:02:37 (373 turns).

Fang the Cleaver (Gargoyle Berserker)                Turns: 373, Time: 00:02:37

Health: -7/67      AC: 25    Str: 36      XL:     9   Next: 92%
Magic:  3/3        EV: 11    Int: 10 (11) God:    Trog [*****.]
Gold:   0          SH:  0    Dex:  9      Spells: 8/8 levels left

rFire    . . .     SeeInvis .   A - +1 battleaxe "Ivuohoda" {antimagic, rN+ Int+3}
rCold    . . .     Gourm    .   (shield currently unavailable)
rNeg     + + .     Faith    .   j - +5 shadow dragon scales
rPois    ∞         Spirit   .   (no helmet)
rElec    +         Reflect  .   (no cloak)
rCorr    .         Harm     .   (no gloves)
MR       .....     NoTele   +   (no boots)
Stlth    ++........             (no amulet)
HPRegen  0.21/turn              D - +6 ring of strength
MPRegen  0.08/turn              E - +6 ring of strength

@: berserk cooldown, slowed, drained, very slow
A: blurry vision 1, negative energy resistance 1, electricity resistance,
unbreathing, petrification resistance, rot immunity, AC +6
a: Berserk, Trog's Hand, Brothers in Arms, Renounce Religion


You were in the Dungeon.
You worshipped Trog.
Trog was extremely pleased with you.
You were very hungry.

You visited 1 branch

Inventory:

Hand Weapons
 a - a +4 battleaxe of electrocution
 k - a +5 executioner's axe
 A - the +1 battleaxe "Ivuohoda" (weapon) {antimagic, rN+ Int+3}
   (You found it in the Dungeon)

   It reduces the magical energy of the wielder, and disrupts the spells and
   magical abilities of those hit.
   Natural abilities and divine invocations are not affected.
   It affects your intelligence (+3).
   It protects you from negative energy.
Armour
 j - +5 shadow dragon scales (worn)
 B - a +1 robe of cold resistance
Jewellery
 D - a +6 ring of strength (left hand)
 E - a +6 ring of strength (right hand)
Wands
 w - a wand of disintegration (7)
 x - a wand of iceblast (7)
 y - a wand of acid (7)
Scrolls
 i - 4 scrolls of blinking
 l - 7 scrolls of fog
 m - a scroll of holy word
 n - 5 scrolls of identify
 o - 4 scrolls of remove curse
 p - 2 scrolls of fear
Potions
 d - 10 potions of curing
 e - 7 potions of heal wounds
 f - 6 potions of haste
 g - 7 potions of magic
 h - 3 potions of berserk rage
 q - 2 potions of brilliance
 r - 2 potions of invisibility
 s - 4 potions of resistance
 t - a potion of experience
 u - 5 potions of agility
 v - 5 potions of might
Miscellaneous
 b - a box of beasts
Comestibles
 c - 7 rations
 z - 2 chunks of flesh


   Skills:
 + Level 12.7(12.5) Fighting
 + Level 14.9(14.6) Axes
 + Level 8.5(8.3) Armour
 + Level 5.2(5.0) Dodging


You had 8 spell levels left.
You didn't know any spells.
Your spell library was empty.

Dungeon Overview and Level Annotations

Branches:
Dungeon (1/1)

Altars:
Ashenzari
Cheibriados
Dithmenos
Elyvilon
Fedhas
Gozag
Hepliaklqana
Kikubaaqudgha
Makhleb
Nemelex Xobeh
Okawaru
Qazlal
Ru
Sif Muna
Trog
Uskayaw
Vehumet
Wu Jian
Xom
Yredelemnul
Zin
The Shining One
Beogh
Jiyva
Lugonu

Annotations:
D 1 transporter


Innate Abilities, Weirdness & Mutations

You are resistant to torment.
Your stone body is resilient. (AC +6)
You are immune to poison.
You resist negative energy. (rN+)
You are resistant to electric shocks. (rElec)
You can survive without breathing.
You are immune to petrification.
You are immune to rotting.
Scrolls take you a little longer to read.


Message History

The deep elf mage is almost dead.
You barely miss the neqoxec.
Your ogre hits the red devil with a giant spiked club!
The halberd of venom hits you but does no damage.
The red devil hits you but does no damage.
The deep elf mage hits you but does no damage.
The neqoxec hits you but does no damage.
The halberd of venom hits you from afar.
* * * LOW HITPOINT WARNING * * *
Your ogre misses the red devil.
The red devil hits you but does no damage.
You hit the deep elf mage but do no damage.
The deep elf mage is almost dead.
You hit the neqoxec.
The neqoxec's magic leaks into the air.
The halberd of venom barely misses you.
Your ogre closely misses the red devil.
The neqoxec falters for a moment.
The deep elf mage hits you but does no damage.
The red devil barely misses you.
The halberd of venom hits you from afar!!
You die...

▓.....▓.††..▓.....▓
▓..)).▓.....▓..©..▓
▓..©..▓..©..▓▓▓▓▓▓▓
▓▓▓▓▓▓▓▓▓▓▓▓▓▓▓▓▓▓▓
▓..8©8...▓..8©8...▓
▓..[|)...▓..}))...▓
▓........▓.4O.!...▓
▓........▓3e......▓
▓....†...▓.@.(....▓
▓.▓....▓.▓.▓))).▓.▓
▓...©....▓...©....▓
▓▓▓▓▓▓▓▓▓▓▓▓▓▓▓▓▓▓▓


You could see a deep elf mage, a neqoxec, a red devil, a halberd of venom and a
friendly ogre (berserk).

Vanquished Creatures
  2 dancing weapons (D)
  A hell hog (D)
  A deep elf mage (D)
  2 spriggans (D)
  A water moccasin (D)
  2 swamp drakes (D)
  A black bear (D)
  A wolf (D)
  A small abomination (D)
  An iron imp (D)
  An adder (D)
  A shadow imp (D)
  A ball python (D)
16 creatures vanquished.

Vanquished Creatures (others)
  2 spatial maelstroms (D)
2 creatures vanquished.

Grand Total: 18 creatures vanquished

Notes
Turn   | Place    | Note
-------+----------+-------------------------------------------
     0 | D        | Found the +6 Majin-Bo {vamp, Archmagi MP+6 Int+6}
     0 | D        | Found the +7 great mace "Firestarter" {inner flame, rF++}
     0 | D        | Fang the Gargoyle Berserker began the quest for the Orb.
     0 | D        | Reached XP level 1. HP: 14/14 MP: 1/1
     2 | D        | Banished a spatial maelstrom
     3 | D        | Found a blossoming altar of Fedhas.
     4 | D        | Found a viscous altar of Jiyva.
     4 | D        | Found a hazy altar of Hepliaklqana.
     4 | D        | Found a transporter.
     4 | D        | Found an opulent altar of Gozag.
     4 | D        | Found an ancient bone altar of Kikubaaqudgha.
     4 | D        | Found a corrupted altar of Lugonu.
     8 | D        | Found a burning altar of Makhleb.
     9 | D        | Found a sacrificial altar of Ru.
     9 | D        | Found a stormy altar of Qazlal.
     9 | D        | Found a deep blue altar of Sif Muna.
     9 | D        | Found an iron altar of Okawaru.
     9 | D        | Found a bloodstained altar of Trog.
     9 | D        | Found a sparkling altar of Nemelex Xobeh.
    11 | D        | Banished a spatial maelstrom
    70 | D        | Entered arena 2.
    70 | D        | Noticed a swamp drake
    70 | D        | Noticed a swamp drake
    70 | D        | Found a transporter.
    77 | D        | Killed a swamp drake
    77 | D        | Reached skill level 6 in Axes
    77 | D        | Reached XP level 2. HP: 23/23 MP: 2/2
    77 | D        | Reached XP level 3. HP: 28/28 MP: 3/3
    77 | D        | Reached XP level 4. HP: 32/32 MP: 4/4
    78 | D        | Killed a swamp drake
    78 | D        | Reached skill level 7 in Axes
    78 | D        | Reached XP level 5. HP: 39/39 MP: 5/5
   134 | D        | Entered arena 3.
   134 | D        | Noticed a water moccasin
   134 | D        | Found a transporter.
   137 | D        | Killed a water moccasin
   137 | D        | Reached ** piety under Trog
   137 | D        | Reached skill level 8 in Axes
   137 | D        | Reached XP level 6. HP: 45/45 MP: 6/6
   239 | D        | Entered arena 4.
   239 | D        | Noticed a spriggan
   239 | D        | Noticed a spriggan
   239 | D        | Noticed a black bear
   239 | D        | Found a transporter.
   241 | D        | Reached skill level 9 in Axes
   241 | D        | Reached skill level 5 in Armour
   243 | D        | Killed a black bear
   243 | D        | Reached *** piety under Trog
   243 | D        | Reached XP level 7. HP: 52/52 MP: 7/7
   249 | D        | Killed a spriggan
   249 | D        | Reached skill level 10 in Fighting
   249 | D        | Reached skill level 10 in Axes
   250 | D        | Killed a spriggan
   250 | D        | Reached skill level 11 in Axes
   297 | D        | Got the cursed +1 battleaxe "Ivuohoda" {antimagic, rN+
                  | Int+3}
   302 | D        | Entered arena 5.
   302 | D        | Noticed a hell hog
   302 | D        | Found a transporter.
   306 | D        | Reached **** piety under Trog
   308 | D        | Reached XP level 8. HP: 59/59 MP: 2/8
   310 | D        | Killed a hell hog
   310 | D        | Reached skill level 12 in Axes
   310 | D        | Reached skill level 5 in Dodging
   353 | D        | Entered arena 6.
   353 | D        | Noticed a deep elf mage
   353 | D        | Noticed a long sword of holy wrath
   353 | D        | Noticed a halberd of venom
   353 | D        | Noticed a deep elf mage
   353 | D        | Noticed a short sword of venom
   353 | D        | Found a transporter.
   358 | D        | Killed a short sword of venom
   358 | D        | Reached ***** piety under Trog
   358 | D        | Reached skill level 13 in Axes
   358 | D        | Reached XP level 9. HP: 65/65 MP: 3/9
   360 | D        | Killed a deep elf mage
   360 | D        | Reached skill level 14 in Axes
   363 | D        | Killed a long sword of holy wrath
   367 | D        | Noticed a red devil
   369 | D        | Gained mutation: Scrolls take you a little longer to read.
                  | [a neqoxec]
   373 | D        | Mangled by a halberd of venom

Vault maps used:
D:        sprint_v

Skill      XL: |  1  2  3  4  5  6  7  8  9 |
---------------+----------------------------+-----
Fighting       | 6 7 8 9 10 12 | 12.7
Axes           | 6 7 8 9 11 13 14 | 14.9
Armour         | 3 4 5 7 8 |  8.5
Dodging        | 2 3 4 5 |  5.2

Action                   |  1- 3 |  4- 6 |  7- 9 || total
-------------------------+-------+-------+-------++-------
Melee: Executioner's axe |     6 |     8 |     7 ||    21
       Battleaxe         |       |       |    17 ||    17
Invok: Berserk           |     1 |     2 |     2 ||     5
       Brothers in Arms  |       |       |     1 ||     1
  Use: Scroll            |       |       |     1 ||     1
       Potion            |       |       |     3 ||     3
  Eat: Chunk             |       |       |     2 ||     2
Armor: Shadow dragon sca |     7 |     3 |    32 ||    42
Dodge: Dodged            |     5 |     6 |    19 ||    30

Table legend:
 A = Non-vault XP
 B = Vault XP
 C = Vault XP percentage of total XP
 D = Non-vault monster count
 E = Vault monster count
 F = Vault count percentage of total count
                 A         B        C        D         E       F
            +---------+---------+-------+---------+---------+-------
      Total |       0 |    4472 | 100.0 |       0 |      16 | 100.0
            +---------+---------+-------+---------+---------+-------
          D |       0 |    4472 | 100.0 |       0 |      16 | 100.0
            +---------+---------+-------+---------+---------+-------
